cohdb
Replays
Latest Replays
All Replays
Popular Replays
Top Player Replays
Match Explorer
How It Works
Community
CoH3 Stats
Reddit
Sign in to upload your games and track your stats! →
Sign in with Steam
Match 41320856
Unlisted
Match 41320856
Overview
Messages
Build Orders
End
Selects Armored Battlegroup
Selects Assault Engineers
Assault Engineer Squad
Construct Weapon Support Center
Assault Engineer Squad
Assault Engineer Squad
M1919 Machine Gun Team
Construct Medical Station
Assault Engineer Squad
Air Support Center
Construct Motor Pool
Bazooka Squad
Assault Engineer Squad
Double Sortie
M3 Armored Personnel Carrier
Forward Retreat Point
Selects Strength in Steel
M1 Anti-tank Gun Team
Selects Seek and Destroy
Construct Tank Depot
.30 cal Machine Gun
Selects UNKNOWN (2160077)
.30 cal Machine Gun
GreenWii
[GG]Onkel Stonkel
[GG]Quiq
Tiensin
borgZ
Wrekah
0
0
Comments
sign in to comment!
No comments posted yet!